[Event "Titled Tuesday Blitz May 30 Late 2023"]
[White "Bitoon, Richard"]
[Black "Omariev, Maksim"]
[WhiteFideId "5201110"]
[BlackFideId "4193423"]
[WhiteElo "2374"]
[BlackElo "2488"]
[Result "1-0"]
[Round "08"]
[TimeControl "180+2"]
[Date "2023.05.31"]
[WhiteClock "0:00:04"]
[BlackClock "0:00:01"]

1. e4 c5 2. c3 Nf6 3. e5 Nd5 4. d4 cxd4 5. Nf3 Nc6 6. Bc4 e6 7. cxd4 d6 8. O-O Be7 9. Qe2 O-O 10. Qe4 Ndb4 11. exd6 Qxd6 12. Nc3 Rd8 13. Rd1 Nd5 14. Bg5 Bxg5 15. Nxg5 Nf6 16. Qh4 h6 17. Nf3 Ne7 18. Nb5 Qb6 19. Qg3 Nf5 20. Qe5 Bd7 21. a4 Rac8 22. a5 Qa6 23. b3 Ng4 24. Qf4 Bxb5 25. Bxb5 Qxb5 26. Qxg4 Qxb3 27. Rab1 Qd5 28. Qf4 Qxa5 29. Rxb7 Qa4 30. Rbb1 Rd7 31. Ra1 Qb3 32. Ne5 Rdc7 33. d5 g5 34. Qe4 Nd6 35. Qg4 exd5 36. Qh5 1-0


[Site "https://www.chess.com"]

[Event "Titled Tuesday Blitz May 30 Late 2023"]
[White "Krishnan, Varun"]
[Black "Rottenwohrer Suarez, Juan"]
[WhiteFideId "5054508"]
[BlackFideId "32068182"]
[WhiteElo "2600"]
[BlackElo "2174"]
[Result "0-1"]
[Round "08"]
[TimeControl "180+2"]
[Date "2023.05.31"]
[WhiteClock "0:00:52"]
[BlackClock "0:00:45"]

1. d4 Nf6 2. c4 g6 3. Nc3 Bg7 4. e4 d6 5. Nf3 O-O 6. Be2 e5 7. O-O Nc6 8. d5 Ne7 9. Ne1 Nd7 10. Be3 f5 11. f3 f4 12. Bf2 g5 13. b4 Rf6 14. c5 Rh6 15. Rc1 a6 16. Qb3 Qe8 17. c6 Qh5 18. h3 Nb6 19. cxb7 Bxh3 20. bxa8=Q+ Nxa8 21. Ba7 Qh4 22. Bf2 Qh5 23. Ba7 Qh4 24. gxh3 Qxh3 25. Ng2 Qh2+ 26. Kf2 Qg3+ 27. Kg1 Rh2 28. Rf2 Qh3 0-1


[Site "https://www.chess.com"]

[Event "Titled Tuesday Blitz May 30 Late 2023"]
[White "MKlose11"]
[Black "Goncalves, Davi Sulzbacher"]
[BlackFideId "2154510"]
[WhiteElo "2599"]
[BlackElo "2182"]
[Result "0-1"]
[Round "08"]
[TimeControl "180+2"]
[Date "2023.05.31"]
[WhiteClock "0:01:09"]
[BlackClock "0:00:50"]

1. e4 c5 2. Nc3 Nc6 3. g3 g6 4. Bg2 Bg7 5. d3 e6 6. Be3 Nd4 7. Qd2 Ne7 8. Nd1 d6 9. c3 Ndc6 10. Bh6 O-O 11. h4 f6 12. Bxg7 Kxg7 13. Ne3 e5 14. Ne2 Be6 15. d4 cxd4 16. cxd4 exd4 17. Nxd4 Nxd4 18. Qxd4 Qa5+ 19. Qd2 Qa6 20. Bf1 Qc6 21. Bd3 d5 22. Rc1 Qb6 23. h5 dxe4 24. Bxe4 Rad8 25. Qe2 Qb4+ 26. Kf1 Qxe4 27. Rh4 Qd3 28. Rc7 Rf7 29. h6+ Kf8 30. Qxd3 Rxd3 31. Re4 Nf5 32. Nxf5 Rxc7 33. Re5 0-1


[Site "https://www.chess.com"]

[Event "Titled Tuesday Blitz May 30 Late 2023"]
[White "Le Goff, Ronan"]
[Black "Castaneda, Jhon David"]
[WhiteFideId "612073"]
[BlackFideId "4405048"]
[WhiteElo "2275"]
[BlackElo "2086"]
[Result "0-1"]
[Round "08"]
[TimeControl "180+2"]
[Date "2023.05.31"]
[WhiteClock "0:00:43"]
[BlackClock "0:00:18"]

1. d4 Nf6 2. c4 e6 3. Nc3 Bb4 4. Nf3 O-O 5. Bd2 b6 6. Rc1 Bb7 7. e3 c5 8. a3 Bxc3 9. Bxc3 Ne4 10. d5 Nxc3 11. Rxc3 Qf6 12. h4 e5 13. e4 d6 14. Rh3 Bc8 15. Rg3 h6 16. Ng5 Qf4 17. Rcf3 Qxh4 18. Nh3 Qxe4+ 19. Re3 Qh7 20. Bd3 Bf5 21. Qh5 Bxd3 22. Rxd3 Nd7 23. Qh4 f5 24. Qe7 f4 25. Qe6+ Kh8 26. Ng5 Qf5 27. Rg4 Rae8 28. Qxf5 Rxf5 29. Ne4 Nf6 30. Nxf6 Rxf6 31. Rh3 Kh7 32. Kd2 Rg6 33. Rxg6 Kxg6 34. f3 Kg5 35. Kd3 h5 36. Ke4 g6 37. Rh1 Rb8 38. a4 a6 39. Ra1 Kh4 40. Kd3 Kg3 41. Ke2 Kxg2 42. Rf1 g5 43. Rf2+ Kg3 44. Kf1 g4 45. Rg2+ Kxf3 46. Rf2+ Ke4 47. Re2+ Kf5 48. b3 e4 49. Kf2 e3+ 50. Kf1 Ke4 51. Ra2 f3 52. a5 bxa5 53. Rxa5 Rxb3 54. Ra1 g3 55. Re1 h4 56. Rd1 e2+ 57. Ke1 exd1=Q+ 58. Kxd1 Rb2 59. Ke1 Rh2 60. Kf1 a5 61. Kg1 a4 62. Kf1 a3 63. Kg1 a2 64. Kf1 a1=Q# 0-1


[Site "https://www.chess.com"]

[Event "Titled Tuesday Blitz May 30 Late 2023"]
[White "Mujumdar, Sameer"]
[Black "brm72"]
[WhiteFideId "2029707"]
[WhiteElo "2104"]
[BlackElo "2593"]
[Result "1-0"]
[Round "08"]
[TimeControl "180+2"]
[Date "2023.05.31"]
[WhiteClock "0:00:19"]
[BlackClock "0:00:31"]

1. d4 Nf6 2. Bf4 g6 3. Nc3 d5 4. Qd2 Bg7 5. Bh6 O-O 6. Bxg7 Kxg7 7. O-O-O c6 8. h4 h5 9. f3 b5 10. e4 b4 11. e5 bxc3 12. exf6+ exf6 13. Qxc3 Re8 14. Bd3 Qd6 15. Ne2 Nd7 16. Rdg1 c5 17. Bb5 c4 18. Qd2 Rb8 19. Bxd7 Bxd7 20. g4 hxg4 21. h5 g5 22. fxg4 a5 23. Rg2 a4 24. a3 Re4 25. h6+ Kh8 26. Rf1 Rxg4 27. Rxg4 Bxg4 28. Nc3 Bd7 29. Qf2 f5 30. Qe3 f4 31. Qg1 Rg8 32. Qg2 Be6 33. Nxa4 g4 34. Nc5 f3 35. Qg1 Qf4+ 36. Kb1 g3 37. h7 Kxh7 38. Qh1+ Kg7 39. Rxf3 Qg4 40. Nxe6+ fxe6 41. Qg2 Kh6 42. Qh1+ Kg5 43. Qg2 Kh4 44. a4 Qxd4 45. Rf7 Rg7 46. Qh1+ Kg4 47. Qf3+ Kh4 48. Rf4+ Qxf4 49. Qxf4+ Kh3 50. Qh6+ Kg2 51. Qxg7 Kf2 52. a5 g2 53. a6 g1=Q+ 54. Qxg1+ Kxg1 55. a7 e5 56. a8=Q e4 57. Qxd5 e3 58. Qf3 e2 59. Qxe2 1-0


[Site "https://www.chess.com"]

[Event "Titled Tuesday Blitz May 30 Late 2023"]
[White "Adewumi, Tanitoluwa"]
[Black "Garakov, Mikhael"]
[WhiteFideId "30966396"]
[BlackFideId "4169034"]
[WhiteElo "2587"]
[BlackElo "2347"]
[Result "1-0"]
[Round "08"]
[TimeControl "180+2"]
[Date "2023.05.31"]
[WhiteClock "0:00:04"]
[BlackClock "0:00:02"]

1. e4 c5 2. Nf3 e6 3. c3 d5 4. exd5 Qxd5 5. d4 Nf6 6. Na3 Nc6 7. Be3 cxd4 8. Nb5 Qd8 9. Nbxd4 Nxd4 10. Bxd4 Be7 11. Bd3 O-O 12. h4 Bd7 13. Qe2 Bc6 14. O-O-O Qa5 15. Kb1 b5 16. Ng5 Bd5 17. b3 h6 18. Bc2 Rfd8 19. Qd3 e5 20. Bxe5 Bxb3 21. Bxb3 Rxd3 22. Rxd3 hxg5 23. hxg5 Nh7 24. g6 Bf6 25. Bxf7+ Kf8 26. Bd6+ Be7 27. Rxh7 Bxd6 28. Re3 Be5 29. Rxe5 1-0


[Site "https://www.chess.com"]

[Event "Titled Tuesday Blitz May 30 Late 2023"]
[White "Rangel, Daniel"]
[Black "Kavutskiy, Konstantin"]
[WhiteFideId "2124475"]
[BlackFideId "2026384"]
[WhiteElo "2256"]
[BlackElo "2323"]
[Result "0-1"]
[Round "08"]
[TimeControl "180+2"]
[Date "2023.05.31"]
[WhiteClock "0:00:04"]
[BlackClock "0:00:12"]

1. c4 g6 2. g3 Bg7 3. Nc3 c5 4. Bg2 Nc6 5. e4 d6 6. Nge2 e6 7. O-O Nge7 8. d3 O-O 9. Be3 Nd4 10. a3 Rb8 11. Bxd4 cxd4 12. Nb5 Nc6 13. a4 a6 14. Na3 Qa5 15. Nc2 e5 16. Qe1 Qxe1 17. Rfxe1 b5 18. cxb5 axb5 19. a5 b4 20. Rec1 Ba6 21. Ne1 Rfc8 22. Bh3 Rc7 23. b3 Bh6 24. Rc2 Rbb7 25. f4 Na7 26. Rac1 Rc3 27. Nxc3 bxc3 28. Bf1 Rxb3 29. Ra1 exf4 30. g4 f3 31. Nxf3 Be3+ 32. Kg2 Nc6 33. Ne1 Nb4 34. Re2 Kg7 35. Kf3 Bg5 36. Rg2 Rb2 37. Rxb2 cxb2 38. Rb1 Bc1 39. Ke2 Na2 40. Kd1 Nc3+ 41. Kc2 Nxb1 42. Kxb1 Kf6 43. Nc2 Ke5 44. Nb4 Bc8 45. Nc6+ Kf4 46. Nxd4 Kxg4 47. Nb3 Bf4 48. Kxb2 Bxh2 49. d4 h5 50. a6 Bg1 51. Kc3 h4 52. a7 Bb7 53. Bg2 h3 54. Bh1 Kg3 55. Na5 Ba8 56. Nc4 f5 57. Nxd6 fxe4 58. Nxe4+ Kh2 59. Ng3 Bxh1 60. Nxh1 Kxh1 61. a8=Q+ Kh2 62. Kd3 g5 63. Ke2 g4 64. Qb8+ g3 65. Kf3 Bf2 66. Qb2 Kg1 67. Qb1+ Kh2 68. Qd3 g2 69. Kxf2 g1=Q+ 70. Ke2 Qg2+ 71. Ke1 Qh1+ 72. Ke2 Qg2+ 73. Ke1 Qg3+ 74. Qxg3+ Kxg3 75. Kf1 h2 76. d5 h1=Q+ 77. Ke2 Qxd5 0-1


[Site "https://www.chess.com"]

[Event "Titled Tuesday Blitz May 30 Late 2023"]
[White "Thorfinnsson, Bragi"]
[Black "Gutkin, Ilya"]
[WhiteFideId "2300958"]
[BlackFideId "16203470"]
[WhiteElo "2322"]
[BlackElo "2265"]
[Result "1-0"]
[Round "08"]
[TimeControl "180+2"]
[Date "2023.05.31"]
[WhiteClock "0:00:32"]
[BlackClock "0:00:11"]

1. e4 e5 2. Nc3 Nf6 3. d4 d6 4. Nf3 Nc6 5. h3 exd4 6. Nxd4 Be7 7. Nxc6 bxc6 8. Bd3 O-O 9. O-O a5 10. a4 Ba6 11. b3 Bxd3 12. Qxd3 Nd7 13. Bb2 Bf6 14. Rad1 Re8 15. f3 Qb8 16. Kh1 g6 17. Ba1 Nc5 18. Qd2 Qb4 19. Na2 Qxd2 20. Rxd2 Bxa1 21. Rxa1 f5 22. exf5 gxf5 23. Nc3 Kf7 24. Ne2 Re3 25. Nd4 Kf6 26. Nxc6 Rae8 27. Nxa5 Re2 28. Rxe2 Rxe2 29. b4 Ne6 30. Nc6 Rxc2 31. b5 Nf4 32. a5 Nxg2 33. a6 Nh4 34. Ra3 f4 35. a7 Nf5 36. a8=Q Ng3+ 37. Kg1 Rc1+ 38. Kf2 Rc2+ 39. Ke1 1-0


[Site "https://www.chess.com"]

[Event "Titled Tuesday Blitz May 30 Late 2023"]
[White "Golubev, Mikhail"]
[Black "Arnold, Ken"]
[WhiteFideId "14100983"]
[BlackFideId "2056836"]
[WhiteElo "2374"]
[BlackElo "2412"]
[Result "0-1"]
[Round "08"]
[TimeControl "180+2"]
[Date "2023.05.31"]
[WhiteClock "0:00:06"]
[BlackClock "0:00:22"]

1. e4 c6 2. d4 d5 3. e5 Bf5 4. h4 h5 5. c4 e6 6. Nc3 Nd7 7. Nge2 a6 8. Ng3 Bg6 9. cxd5 cxd5 10. Bg5 Be7 11. Bxe7 Nxe7 12. Be2 Nf5 13. Nxh5 Bxh5 14. Bxh5 g6 15. Bg4 Rxh4 16. Rxh4 Qxh4 17. Bxf5 gxf5 18. g3 Qh2 19. Qe2 Rc8 20. O-O-O Nb6 21. Qf3 Qh6+ 22. Kb1 Nc4 23. Ka1 b5 24. Rh1 Qd2 25. Qe2 Qxd4 26. f4 Ke7 27. Rd1 Qe3 28. Qh2 Nxb2 29. Qh4+ Kd7 30. Qf6 Qxc3 31. Qxf7+ Kc6 32. Qxe6+ Kb7 33. Qxd5+ Rc6 34. Qd7+ Rc7 35. Qd5+ Kb6 36. Qd6+ Ka5 0-1


[Site "https://www.chess.com"]

[Event "Titled Tuesday Blitz May 30 Late 2023"]
[White "Bilan, Danila"]
[Black "Oglaza, Oskar"]
[WhiteFideId "24161918"]
[BlackFideId "1194402"]
[WhiteElo "2182"]
[BlackElo "2204"]
[Result "0-1"]
[Round "08"]
[TimeControl "180+2"]
[Date "2023.05.31"]
[WhiteClock "0:00:01"]
[BlackClock "0:00:24"]

1. d4 Nf6 2. Nf3 g6 3. Bg5 Ne4 4. Bh4 Bg7 5. c3 c5 6. e3 cxd4 7. cxd4 Qa5+ 8. Nc3 O-O 9. Bxe7 Re8 10. Bh4 Nc6 11. Qb3 Nxd4 12. Nxd4 Bxd4 13. Rc1 b5 14. Qxb5 Bxc3+ 15. bxc3 Qxa2 16. Qe2 Qa3 17. Qc2 Rb8 18. Bd3 Rb2 19. Qd1 Nxc3 20. Qf3 Re2+ 21. Bxe2 Qxc1+ 22. Bd1 Bb7 23. Qg4 h5 24. Qd4 Bxg2 25. Rg1 Bf3 26. Bf6 Nxd1 27. Qd2 Qb1 28. Rg3 Nc3+ 0-1


[Site "https://www.chess.com"]

[Event "Titled Tuesday Blitz May 30 Late 2023"]
[White "Poltorak, Sebastian"]
[Black "Lalanne, Pablo"]
[WhiteFideId "1199498"]
[BlackFideId "112151"]
[WhiteElo "2195"]
[BlackElo "2120"]
[Result "1/2-1/2"]
[Round "08"]
[TimeControl "180+2"]
[Date "2023.05.31"]
[WhiteClock "0:00:25"]
[BlackClock "0:00:06"]

1. Nc3 d5 2. d4 Nf6 3. f3 c5 4. e4 cxd4 5. Qxd4 Nc6 6. Bb5 dxe4 7. Bxc6+ bxc6 8. Qxd8+ Kxd8 9. Nxe4 Nxe4 10. fxe4 e5 11. Nf3 f6 12. Bd2 a5 13. O-O-O Kc7 14. Rhe1 Be6 15. a4 Bb4 16. Bxb4 axb4 17. b3 g5 18. Rf1 Rad8 19. Rxd8 Kxd8 20. Ne1 Ke7 21. Nd3 Rb8 22. Kd2 Bc8 23. Nc5 Kd6 24. Nd3 Ke7 25. Rf2 Ba6 26. Nc5 Bc8 27. Ke3 Kd6 28. Nd3 Ke7 29. g3 Ba6 30. Nc5 Bc8 31. h4 gxh4 32. gxh4 Bg4 33. Rd2 h5 34. Nd3 Be6 35. Rg2 Bg4 36. Nf2 f5 37. exf5 Bxf5 38. Nd3 Bxd3 39. cxd3 Ke6 40. Rg6+ Kd5 41. Rg5 c5 42. Rxh5 Rg8 43. Rg5 Rf8 44. Rg1 Rf5 45. Rh1 Rh5 46. Rh2 Kd6 47. Ke4 Ke6 48. Kf3 Kf5 49. Rh1 Kf6 50. Kg4 Kg6 51. Re1 Rh8 52. Rxe5 Rd8 53. Rg5+ Kh6 54. Rxc5 Rxd3 55. Rc6+ Kh7 56. Rc7+ Kh6 57. a5 Rxb3 58. Rc6+ Kh7 59. a6 Ra3 60. Rc7+ Kh6 61. a7 b3 62. Rc6+ Kh7 63. Rc7+ Kh6 64. Rc6+ Kh7 65. Kh5 Ra5+ 66. Kg4 Rxa7 67. Rb6 Ra4+ 68. Kg5 Ra5+ 69. Kg4 Ra4+ 70. Kg3 Ra3 71. h5 b2+ 72. Kh4 Ra4+ 73. Kg5 Ra5+ 74. Kg4 Ra4+ 75. Kf3 Rh4 76. Rxb2 Rxh5 77. Kg4 Rh6 78. Rb7+ Kg8 79. Kg5 Ra6 80. Rb8+ Kf7 81. Rb7+ Kf8 82. Kf5 Ke8 83. Rh7 Kf8 84. Ke5 Kg8 85. Rb7 Kf8 86. Rb8+ Ke7 87. Rh8 Kf7 88. Kd5 Kg6 89. Rh1 Rf6 90. Ke5 Rf5+ 91. Ke6 Rf6+ 92. Ke7 Rf7+ 93. Ke8 Rf5 94. Rg1+ Rg5 95. Re1 Rf5 96. Ke7 Rf7+ 97. Ke6 Rf6+ 98. Ke5 Rf5+ 99. Ke4 Rf7 100. Rg1+ Kf6 101. Kd5 Rd7+ 102. Kc6 Rd2 103. Rf1+ Ke5 104. Kc5 Rc2+ 105. Kb4 Kd4 106. Rf4+ Kd5 107. Rf8 Rc7 108. Rd8+ Ke6 109. Rd1 Ke5 110. Kb5 Rc2 111. Re1+ Kd4 112. Rh1 Ke4 113. Ka4 Kd4 114. Ka3 Rc7 115. Rh8 Kd5 116. Rh4 Rb7 117. Ka4 Kc6 118. Rh6+ Kc5 119. Rh5+ Kc4 120. Ka5 Rb1 121. Rh4+ Kc5 122. Rh5+ Kc6 123. Rh2 Kc5 124. Ra2 Rb8 125. Rc2+ Kd6 126. Ka6 Rb1 1/2-1/2


[Site "https://www.chess.com"]

[Event "Titled Tuesday Blitz May 30 Late 2023"]
[White "Papayan, Oleg"]
[Black "Magallanes, Rey Jomar"]
[WhiteFideId "4193911"]
[BlackFideId "5205948"]
[WhiteElo "2171"]
[BlackElo "2290"]
[Result "1-0"]
[Round "08"]
[TimeControl "180+2"]
[Date "2023.05.31"]
[WhiteClock "0:00:09"]
[BlackClock "0:00:17"]

1. e4 c5 2. d4 cxd4 3. Qxd4 Nc6 4. Qd3 d6 5. Nc3 Nf6 6. Nf3 e6 7. Bf4 Be7 8. O-O-O e5 9. Bg5 Be6 10. a3 O-O 11. Bxf6 Bxf6 12. Qxd6 Qxd6 13. Rxd6 Rfd8 14. Rxd8+ Rxd8 15. Bd3 Bg4 16. Be2 Be6 17. Rd1 Nd4 18. Nxd4 exd4 19. Nb5 a6 20. Nc7 Rc8 21. Nxe6 fxe6 22. f4 e5 23. g3 b5 24. Rd3 Re8 25. Bf3 Rc8 26. Rb3 h6 27. Bg4 Rc6 28. Kd2 g5 29. f5 Kf8 30. Be2 Ke7 31. Rb4 Kd7 32. Rb3 Ke7 33. g4 Kd6 34. Rh3 Bg7 35. Rb3 Bf6 36. a4 bxa4 37. Ra3 Rb6 38. Rxa4 Rxb2 39. Rxa6+ Ke7 40. Ra7+ Kd6 41. Rh7 Bd8 42. Rxh6+ Ke7 43. Re6+ Kf7 44. Rxe5 Ba5+ 45. Rxa5 d3 46. Bxd3 Rb1 47. f6 Rh1 48. Rxg5 Rxh2+ 49. Kc3 Rh3 50. Rf5 Rg3 51. g5 Rxg5 52. Rxg5 Kxf6 53. Rd5 Ke6 54. Kd4 Ke7 55. c4 Kf7 56. c5 Kf6 57. c6 Ke6 58. c7 Ke7 59. c8=Q Kf7 60. Qc7+ Kf6 61. Qc6+ Kg7 62. Rd7+ Kg8 63. Qc8# 1-0


[Site "https://www.chess.com"]

[Event "Titled Tuesday Blitz May 30 Late 2023"]
[White "Baidetskyi, Valentin"]
[Black "Qiao, Cindy"]
[WhiteFideId "14142317"]
[BlackFideId "2620243"]
[WhiteElo "2490"]
[BlackElo "1777"]
[Result "1-0"]
[Round "08"]
[TimeControl "180+2"]
[Date "2023.05.31"]
[WhiteClock "0:01:04"]
[BlackClock "0:01:06"]

1. e4 e5 2. Nf3 Nc6 3. Nc3 Nf6 4. h3 d5 5. exd5 Nxd5 6. Bb5 Nxc3 7. bxc3 Bd6 8. O-O O-O 9. Re1 Re8 10. d4 exd4 11. Rxe8+ Qxe8 12. cxd4 Bd7 13. Bf1 Ne7 14. c4 c6 15. Bb2 Ng6 16. Qb3 Qc8 17. Re1 Qc7 18. c5 Be7 19. Bc4 Rf8 20. Bc1 Bf6 21. Bg5 Bxg5 22. Nxg5 Bc8 23. Nxf7 Rxf7 24. Re8+ Nf8 25. Bxf7+ Qxf7 26. Qxf7+ Kxf7 27. Rxc8 Ne6 28. Rb8 Nxd4 29. Rxb7+ Kf6 30. Rxa7 Ne6 31. Ra6 1-0


[Site "https://www.chess.com"]

[Event "Titled Tuesday Blitz May 30 Late 2023"]
[White "Cruz, Jonathan"]
[Black "Kovalevsky, Stanislav"]
[WhiteFideId "3802124"]
[BlackFideId "13508598"]
[WhiteElo "2407"]
[BlackElo "2174"]
[Result "1-0"]
[Round "08"]
[TimeControl "180+2"]
[Date "2023.05.31"]
[WhiteClock "0:00:37"]
[BlackClock "0:01:09"]

1. Nf3 d5 2. d4 Nf6 3. c4 c6 4. Nc3 Nbd7 5. e3 e6 6. Bd3 Bd6 7. O-O O-O 8. e4 dxe4 9. Nxe4 Nxe4 10. Bxe4 e5 11. dxe5 Nxe5 12. Nxe5 Bxe5 13. Bxh7+ Kxh7 14. Qh5+ Kg8 15. Qxe5 Re8 16. Qg3 Re4 17. Be3 Rxc4 18. Rad1 Qe8 19. Bd4 Qf8 20. Bxg7 Qxg7 21. Rd8+ Kh7 22. Qd3+ Qg6 23. Qxc4 b5 24. Qh4+ 1-0


[Site "https://www.chess.com"]

[Event "Titled Tuesday Blitz May 30 Late 2023"]
[White "i_like_explosions"]
[Black "Annaberdiyev, Meylis"]
[BlackFideId "14000563"]
[WhiteElo "2441"]
[BlackElo "2416"]
[Result "0-1"]
[Round "08"]
[TimeControl "180+2"]
[Date "2023.05.31"]
[WhiteClock "0:01:25"]
[BlackClock "0:00:46"]

1. d4 Nf6 2. Bg5 e6 3. e4 h6 4. Bxf6 Qxf6 5. Nc3 Bb4 6. Qd2 d5 7. e5 Qd8 8. a3 Be7 9. f4 c5 10. Nf3 Nc6 11. Be2 O-O 12. O-O cxd4 13. Nb5 Qb6 14. Nbxd4 Nxd4 15. Nxd4 Bc5 16. c3 Bxd4+ 17. cxd4 Bd7 18. Rfc1 Rfc8 19. Kf2 Bb5 20. Bxb5 Qxb5 21. Rxc8+ Rxc8 22. Rc1 Rc4 23. Rxc4 dxc4 24. Qb4 Qd5 25. Qc3 h5 26. g3 Qh1 27. h4 Qd5 28. Ke3 Qg2 29. Qxc4 Qxg3+ 30. Ke4 Qxh4 31. Qc8+ Kh7 32. Kd3 Qg3+ 33. Kc4 Qg2 34. Qd8 Qc2+ 35. Kb4 Qxb2+ 36. Kc5 Qxa3+ 37. Kc4 Qa2+ 38. Kd3 Qd5 39. Qg5 Qf3+ 40. Kc4 Qg4 41. Qe7 Qxf4 42. Qxb7 h4 43. Qxa7 h3 44. Qa2 Qf1+ 45. Kc5 Qg2 46. Qb1+ g6 47. Kd6 h2 48. Qb8 h1=Q 49. Qf8 Qd5+ 50. Ke7 Qb7+ 51. Kf6 Qhf3+ 52. Kg5 Qf5+ 53. Kh4 Qbe4+ 0-1


[Site "https://www.chess.com"]

[Event "Titled Tuesday Blitz May 30 Late 2023"]
[White "Harriott, Tyrell"]
[Black "Isajevsky, Anton"]
[WhiteFideId "2086484"]
[BlackFideId "4142500"]
[WhiteElo "2107"]
[BlackElo "2510"]
[Result "0-1"]
[Round "08"]
[TimeControl "180+2"]
[Date "2023.05.31"]
[WhiteClock "0:01:05"]
[BlackClock "0:00:09"]

1. d4 e6 2. e3 b6 3. f4 Bb7 4. Nf3 f5 5. Bd3 Nf6 6. O-O Be7 7. Nbd2 O-O 8. Qe2 c5 9. c3 Nc6 10. a3 d5 11. Ne5 Nxe5 12. fxe5 Ne4 13. Nf3 a5 14. Bd2 c4 15. Bc2 b5 16. Be1 Bc6 17. Kh1 Be8 18. Rg1 Bh5 19. h3 Qe8 20. g4 fxg4 21. hxg4 Bg6 22. Nh2 Ra7 23. Rg2 Bd8 24. Bg3 Raf7 25. Bf4 Bg5 26. Bxg5 Rf2 27. Qd1 Rxg2 28. Kxg2 Nxg5 29. Bxg6 Qxg6 30. Qe2 Qe4+ 31. Kg3 Qd3 32. Qxd3 cxd3 33. Rd1 d2 34. Nf1 Ne4+ 35. Kg2 Rf2+ 36. Kg1 Kf7 37. Ng3 Rf3 38. Nxe4 dxe4 39. Rxd2 Rxe3 40. Kf2 Rf3+ 41. Kg2 Ke7 42. Re2 Rd3 43. Kf2 b4 44. axb4 axb4 45. Re3 Rd2+ 46. Re2 bxc3 47. bxc3 Rd3 48. Rxe4 Rxc3 49. Rf4 Rd3 50. Ke2 Rh3 51. Kd2 h6 52. Ke2 Ra3 53. Rf3 Rxf3 54. Kxf3 g6 55. Kf4 Kd7 56. Ke4 Kc6 57. Kd3 Kd5 58. Ke3 h5 59. gxh5 gxh5 60. Kd3 h4 61. Ke3 h3 62. Kf3 Kxd4 63. Kg3 Kxe5 64. Kxh3 Kf4 65. Kg2 Ke3 66. Kf1 e5 67. Ke1 e4 68. Kf1 Kd2 69. Kg2 e3 70. Kf3 e2 71. Kf4 e1=Q 72. Kf5 Qe3 73. Kf6 Qe4 74. Kf7 Qc6 75. Ke7 Kd3 76. Kf7 Qd6 77. Kg7 Qe6 78. Kh7 Qg4 79. Kh8 Ke4 80. Kh7 Kf5 81. Kh8 Kf6 0-1


[Site "https://www.chess.com"]

[Event "Titled Tuesday Blitz May 30 Late 2023"]
[White "Grinev, Valeriy"]
[Black "Gatterer, Florian"]
[WhiteFideId "14117517"]
[BlackFideId "811688"]
[WhiteElo "2366"]
[BlackElo "2221"]
[Result "1-0"]
[Round "08"]
[TimeControl "180+2"]
[Date "2023.05.31"]
[WhiteClock "0:00:57"]
[BlackClock "0:00:21"]

1. e4 c5 2. Nc3 e6 3. g3 Nc6 4. Bg2 g6 5. Nge2 Bg7 6. O-O Nge7 7. d3 d6 8. f4 O-O 9. h3 Rb8 10. Kh2 b5 11. a3 a5 12. Nb1 b4 13. a4 Ba6 14. Ra2 b3 15. cxb3 Nb4 16. Ra3 Nxd3 17. Nbc3 d5 18. exd5 Nxd5 19. Nb5 Nxc1 20. Qxc1 Bxb5 21. axb5 Rxb5 22. Nc3 Nxc3 23. bxc3 Qd3 24. b4 h5 25. c4 Qd6 26. cxb5 axb4 27. Ra6 Qd4 28. Rd1 Qf2 29. Rd2 Qe3 30. Rc2 Qd4 31. Rc4 Qf2 32. h4 b3 33. Rd6 b2 34. Qb1 Qe2 35. Rxc5 e5 36. fxe5 Bxe5 37. Rxe5 Qxe5 38. Rd2 g5 39. Qxb2 Qb8 40. hxg5 h4 41. Rd3 hxg3+ 42. Rxg3 Re8 43. g6 Re3 44. gxf7+ Kxf7 45. Qg7+ Ke6 46. Qg6+ Ke5 47. Qg5+ Ke6 48. Qxe3+ 1-0


[Site "https://www.chess.com"]

[Event "Titled Tuesday Blitz May 30 Late 2023"]
[White "KorolDimitriy75"]
[Black "Tissir, Mohamed"]
[BlackFideId "9000240"]
[WhiteElo "2438"]
[BlackElo "2458"]
[Result "1/2-1/2"]
[Round "08"]
[TimeControl "180+2"]
[Date "2023.05.31"]
[WhiteClock "0:00:04"]
[BlackClock "0:00:08"]

1. d4 e6 2. c4 c5 3. d5 exd5 4. cxd5 d6 5. Nc3 Ne7 6. Nf3 Ng6 7. Nd2 Be7 8. Nc4 O-O 9. g3 b6 10. a4 Na6 11. Bg2 Nb4 12. O-O Re8 13. Re1 Ba6 14. b3 Bf6 15. Bb2 Bxc4 16. bxc4 Ne5 17. Qb3 Ng6 18. h4 h6 19. Rad1 Nf8 20. e4 Nd7 21. f4 a5 22. Nb5 Bxb2 23. Qxb2 Nf6 24. e5 dxe5 25. fxe5 Nh5 26. Kh2 g6 27. e6 fxe6 28. dxe6 Qb8 29. Nd6 Rd8 30. Bxa8 Rxd6 31. Qf2 Nd3 32. Rxd3 Rxd3 33. e7 Ng7 34. Bd5+ Kh7 35. Re3 Rxe3 36. Qxe3 Qe8 37. Qe5 Nf5 38. h5 Qxe7 39. hxg6+ Kxg6 40. Qf4 Qe2+ 41. Kh3 Qh5+ 42. Kg2 Qe2+ 43. Kh3 Qh5+ 44. Kg2 Qe2+ 45. Kh3 1/2-1/2


[Site "https://www.chess.com"]

[Event "Titled Tuesday Blitz May 30 Late 2023"]
[White "micke12a"]
[Black "Balla, Tamas-Kristof"]
[BlackFideId "1208497"]
[WhiteElo "2410"]
[BlackElo "2334"]
[Result "0-1"]
[Round "08"]
[TimeControl "180+2"]
[Date "2023.05.31"]
[WhiteClock "0:00:03"]
[BlackClock "0:00:09"]

1. d4 d5 2. Bf4 Nf6 3. e3 e6 4. Nd2 Bd6 5. Bxd6 Qxd6 6. Ngf3 O-O 7. c4 b6 8. cxd5 exd5 9. Ne5 c5 10. Ndf3 Ba6 11. Bxa6 Nxa6 12. Qe2 Nb8 13. O-O Nc6 14. Nxc6 Qxc6 15. Rac1 Qd6 16. dxc5 bxc5 17. Rfd1 Rfd8 18. b3 Rac8 19. Nd2 h6 20. Qd3 Ng4 21. Nf3 Ne5 22. Nxe5 Qxe5 23. Rc2 d4 24. exd4 cxd4 25. Rxc8 Rxc8 26. g3 Rd8 27. Kg2 Qd5+ 28. Qf3 Qa5 29. Qe2 Qd5+ 30. Qf3 Qa5 31. a4 Qb4 32. Rd3 a5 33. Qe4 Qc5 34. h4 h5 35. Kf3 g6 36. Kg2 Qb4 37. g4 hxg4 38. Qxg4 Qc5 39. Qe4 Qd6 40. h5 Kg7 41. hxg6 fxg6 42. Qb7+ Rd7 43. Qb5 Qe6 44. Kf1 Qg4 45. Qxa5 Re7 46. Qd2 Qe4 47. f3 Qh4 48. Qf2 Qh1+ 49. Qg1 Re1+ 50. Kxe1 Qxg1+ 51. Kd2 Qf2+ 52. Kc1 Qa2 53. Rxd4 Qa1+ 54. Kc2 Qxd4 0-1


[Site "https://www.chess.com"]

[Event "Titled Tuesday Blitz May 30 Late 2023"]
[White "zsizsi99"]
[Black "Filgueira, Hernan"]
[BlackFideId "101770"]
[WhiteElo "2387"]
[BlackElo "2363"]
[Result "0-1"]
[Round "08"]
[TimeControl "180+2"]
[Date "2023.05.31"]
[WhiteClock "0:00:12"]
[BlackClock "0:00:44"]

1. e4 d5 2. exd5 Qxd5 3. Nc3 Qd6 4. d4 c6 5. Nf3 Nf6 6. Ne5 Nbd7 7. Bf4 Nd5 8. Nxd5 Qxd5 9. Nf3 Nf6 10. Bd3 Bg4 11. c3 Bxf3 12. Qxf3 Qxf3 13. gxf3 e6 14. Rg1 g6 15. a4 a5 16. Bc7 Kd7 17. Bb6 Bd6 18. Rh1 h5 19. Kd2 h4 20. Bc5 Rh5 21. b4 Bf4+ 22. Kc2 Kc7 23. b5 Nd7 24. Ba3 c5 25. dxc5 Nxc5 26. Bxc5 Rxc5 27. c4 Rd8 28. h3 Rg5 29. Rhg1 Rc5 30. Rad1 g5 31. Be2 Re5 32. Rxd8 Rxe2+ 33. Kd1 Ra2 34. Rxg5 Kxd8 35. Rg4 e5 36. Rxh4 Rd2+ 37. Ke1 Rc2 38. Rh7 Ke7 39. Rh8 Rxc4 40. Rb8 Rxa4 41. Rxb7+ Ke6 42. Ra7 Ra1+ 43. Ke2 a4 44. b6 Rb1 45. b7 a3 46. Rxa3 Rxb7 47. Kf1 Kf5 48. Ra8 f6 49. Kg2 Rb2 50. Kg1 Bg5 51. Ra4 Bh6 52. Rh4 Bf8 53. Ra4 Bc5 54. Rc4 Bxf2+ 55. Kf1 Be3 56. Rc3 Bf4 57. Rd3 Rh2 58. Ke1 Rxh3 59. Kf2 Rh2+ 60. Kf1 Ra2 61. Ke1 e4 62. fxe4+ Kxe4 63. Rd8 Be5 64. Re8 f5 65. Kf1 f4 66. Re7 f3 67. Re8 Kf4 68. Rf8+ Ke3 69. Kg1 Bg3 70. Re8+ Kd4 71. Rd8+ Kc5 72. Rc8+ Kd6 73. Rd8+ Ke7 74. Rd1 Re2 75. Rf1 Re1 76. Rxe1+ Bxe1 77. Kf1 Bg3 78. Kg1 Kf6 79. Kh1 Kg5 80. Kg1 Kh4 81. Kh1 Kg4 82. Kg1 Kf4 83. Kh1 Bf2 84. Kh2 Ke3 85. Kh1 Ke2 86. Kh2 Bd4 87. Kh1 f2 88. Kh2 f1=Q 89. Kg3 Be5+ 0-1


[Site "https://www.chess.com"]